[Event "Early-Titled-Tuesday-Blitz-May-28-2024"]
[Site "Chess.com"]
[Date "2024.05.28"]
[Round "11"]
[White "Shankland"]
[Black "FairChess_on_YouTube"]
[Result "1-0"]
[WhiteElo "3002"]
[BlackElo "3078"]
[TimeControl "180+1"]
[EndTime "10:10:03 PDT"]
[Termination "Shankland won by checkmate"]

1. d4 Nf6 2. c4 d6 3. Nf3 g6 4.
Nc3 Bf5 5. d5 Bg7 6. Nd4 Bd7 7.
e4 c5 8. Nf3 Bg4 9. Qa4+ Nbd7 10. Nd2 O-O 11. h3 Nb6 12. Qc2 Bd7 13. a4 Bc8 14. Be2 Nbd7 15. O-O Nb8 16. f4 Na6 17. Nf3 Nb4 18. Qd1 e6 19. e5 Nh5 20. Ne4 exd5 21.
Nxd6 Ng3 22. cxd5 Nxf1 23. Bxf1 f6 24. Bc4 Kh8 25. Nxc8 Rxc8 26. d6 fxe5 27. Nxe5 Bxe5 28. fxe5 Qh4 29. Qe2 Qd4+ 30. Kh1 Rce8 31. e6 Qxd6 32. b3 Nc6 33. Bb2+ Nd4 34. Rd1 Re7 35. Qe4 Qf4 36.
Qd5 b6 37. b4 Qf5 38. Qd6 Rfe8 39. bxc5 bxc5 40. Rxd4 Qb1+ 41. Kh2 Qxb2 42. Qxc5 Qb8+ 43.
Kh1 Qc7 44. Qd5 Rf8 45. Rd1 Qf4 46. Bb5 Kg7 47. Bd7 Qf2 48. Qd6 Qf6 49. Qc5 a6 50. a5 Rb8 51. Kg1 Rb2 52. Rf1 Qh4 53. Qe5+ Kg8 54.
Qxb2 Qg3 55. Rf8+ Kxf8 56. Qh8# 1-0

[Event "Early-Titled-Tuesday-Blitz-May-28-2024"]
[Site "Chess.com"]
[Date "2024.05.28"]
[Round "11"]
[White "BashiqChess"]
[Black "Statham_01"]
[Result "1-0"]
[WhiteElo "2469"]
[BlackElo "2692"]
[TimeControl "180+1"]
[EndTime "10:10:03 PDT"]
[Termination "BashiqChess won by checkmate"]

1. Nf3 d5 2. b3 c5 3. e3 Nc6 4. Bb2 Bg4 5. Bb5 e6 6. h3 Bxf3 7. Bxc6+ bxc6 8. Qxf3 Nf6 9. d3 Be7 10. O-O O-O 11. c4 a5 12. Nc3 Nd7 13. Na4 Nb6 14. Qg3 d4 15. Nxb6 Qxb6 16. Qf4 Bf6 17. g4 h6 18. e4 e5 19. Qd2 a4 20. bxa4 Bg5 21.
Qc2 Ra7 22. Bc1 Qd8 23. f4 exf4 24. Bxf4 Bxf4 25. Rxf4 Qg5 26. Rf5 Qe3+ 27. Kg2 Rfa8 28. h4 Rxa4 29. Rf3 Qxf3+ 30. Kxf3 Ra3 31. g5 h5 32. Rb1 Rc3 33. Qd2 Raa3 34. Rb3 Raxb3 35.
axb3 Rxb3 36. Ke2 Kh7 37. Qf4 Kg8 38. Qf5 Rb2+ 39. Kf3 g6 40. Qxc5 Rh2 41. Kg3 Rd2 42.
Qxd4 c5 43. Qd5 Kg7 44. e5 Re2 45. Kf3 Rh2 46. Kg3 Re2 47. Qxc5 Rd2 48. Qd5 Re2 49.
c5 f5 50. exf6+ Kh7 51. Qd7+ Re7 52. Qxe7+ Kh8 53. Qg7# 1-0

[Event "Early-Titled-Tuesday-Blitz-May-28-2024"]
[Site "Chess.com"]
[Date "2024.05.28"]
[Round "11"]
[White "ATM622"]
[Black "SaraBlackPanther"]
[Result "0-1"]
[WhiteElo "2574"]
[BlackElo "2747"]
[TimeControl "180+1"]
[EndTime "10:10:03 PDT"]
[Termination "SaraBlackPanther won by resignation"]

1. d4 Nf6 2. c4 g6 3. g3 Bg7 4. Bg2 O-O 5. Nf3 d6 6. O-O Nc6 7. Nc3 Bd7 8. Qc2 e5 9. dxe5 dxe5 10. Rd1 Qc8 11. Bg5 Bf5 12. e4 Bg4 13. Bxf6 Bxf6 14. Nd5 Bg7 15. b4 Bxf3 16. Bxf3 Re8 17. Bg2 Nd4 18.
Qb2 c6 19. Nc3 Qe6 20. Bf1 Rad8 21. a4 f5 22. c5 Kh8 23. Qa2 Qf6 24. exf5 gxf5 25.
Qc4 e4 26. Ne2 Nf3+ 27. Kh1 Qh6 28. h3 Bxa1 29. Rxa1 Qf6 30. Rc1 Rd2 31. b5 Red8 32. Kg2 Ne5 33. Qc3 R8d3 34. Qa1 Nd7 35. Nf4 Qxa1 36. Rxa1 Rf3 37. bxc6 Rfxf2+ 38. Kg1 bxc6 39. Rb1 Ne5 40. Bg2 Nf3+ 41. Bxf3 Rxf3 42. Nh5 Rfd3 43. Rb7 Rd7 44. Rb8+ Rd8 45. Rb7 R2d7 46. Rb4 Re7 47. Kf2 e3+ 48. Ke1 e2 49. Rb1 Rd1+ 50. Rxd1 exd1=Q+ 51.
Kxd1 Re5 52. Nf4 Rxc5 53. Kd2 Ra5 54. Kc3 Rxa4 55. Kb3 Re4 56. Nh5 a5 57. Kc3 a4 58.
Kb2 c5 59. Nf6 Re3 60. g4 f4 61.
Nd5 Re2+ 62. Kc3 f3 63. Kd3 a3 64. Nf4 a2 65. Nxe2 fxe2 0-1

[Event "Early-Titled-Tuesday-Blitz-May-28-2024"]
[Site "Chess.com"]
[Date "2024.05.28"]
[Round "11"]
[White "verrbaa"]
[Black "Herzog2012"]
[Result "0-1"]
[WhiteElo "2464"]
[BlackElo "2586"]
[TimeControl "180+1"]
[EndTime "10:10:04 PDT"]
[Termination "Herzog2012 won by checkmate"]

1. e4 c5 2. Nf3 d6 3. d4 cxd4 4. Nxd4 Nf6 5. Nc3 Nc6 6. Bc4 Qb6 7. Nb3 e6 8. Bf4 Ne5 9. Be2 a6 10. g4 h6 11. h4 Qc7 12. Rg1 b5 13. g5 hxg5 14.
hxg5 Nfd7 15. Be3 Bb7 16. f4 Nc4 17. Bxc4 bxc4 18. Nd2 d5 19. exd5 exd5 20. Qg4 O-O-O 21. O-O-O Kb8 22. Nf3 Bc5 23. Bxc5 Nxc5 24. Nd4 Rde8 25. Rge1 g6 26. f5 Re5 27. fxg6 fxg6 28. Nf3 Rf5 29.
Nd4 Rf4 30. Qg3 Rhf8 31. Nde2 R4f5 32. Qxc7+ Kxc7 33. Rg1 Ne6 34. b3 Rxg5 35. bxc4 dxc4 36. Rxg5 Nxg5 37. Rd4 Ne6 38. Rxc4+ Kd6 39. Kb2 g5 40. Nd4 Nxd4 41. Rxd4+ Ke5 42. Rb4 Bf3 43. Rb6 g4 44.
Rxa6 Rg8 45. Ra5+ Kf4 46. Nb5 g3 47. Nd6 g2 48. Rf5+ Ke3 49. Re5+ Kf2 50. Ne4+ Bxe4 51. Rxe4 g1=Q 52. Rf4+ Ke3 53. Rb4 Qg7+ 54. Kb1 Qc7 55.
Rb3+ Kd2 56. a4 Qxc2+ 57. Ka1 Rg1+ 58. Rb1 Rxb1# 0-1

[Event "Early-Titled-Tuesday-Blitz-May-28-2024"]
[Site "Chess.com"]
[Date "2024.05.28"]
[Round "11"]
[White "Iskusnyh"]
[Black "Lady_Nika"]
[Result "0-1"]
[WhiteElo "2612"]
[BlackElo "2542"]
[TimeControl "180+1"]
[EndTime "10:10:05 PDT"]
[Termination "Lady_Nika won on time"]

1. d4 d5 2. c4 e6 3. Nf3 f5 4. g3 Nf6 5. Bg2 c6 6. Bf4 Bd6 7. Nc3 O-O 8. e3 Qe7 9. O-O Nbd7 10. c5 Bb8 11. b4 a6 12. a4 Ne4 13.
Qb3 e5 14. dxe5 Nxe5 15. Nxe5 Bxe5 16. Nxd5 Qf7 17. Ne7+ Kh8 18. Qxf7 Rxf7 19. Nxc8 Bxa1 20. Nb6 Rd8 21. Rxa1 Rd2 22. Bxe4 fxe4 23. h4 h6 24. Nc4 Rc2 25. Ne5 Rf6 26. Rd1 g5 27. Ng4 Rf8 28.
Be5+ Kh7 29. Rd7+ Kg6 30. Bd4 gxh4 31. Ne5+ Kg5 32. Rg7+ Kf5 33. g4+ Ke6 34. Rg6+ Ke7 35. Rxh6 Rfxf2 36. Rxh4 Rg2+ 37. Kh1 Rgd2 38. Rh7+ Ke6 39.
Rh6+ Ke7 40. Rh7+ Ke6 41. Rh6+ Ke7 42. Ng6+ Kf7 43. Ne5+ Kg8 44. Rg6+ Kh7 45. Rg7+ Kxg7 46. Nc4+ Kg6 47. Nxd2 Rxd2 48. a5 Kg5 49. Kg1 Kxg4 50. Kf1 Kf3 51. Ke1 Ra2 52. Kd1 Ra4 53. Kc2 Rxb4 54.
Kc3 Rb1 55. Kc4 Re1 56. Bc3 Rxe3 57. Kd4 Rxc3 0-1

[Event "Early-Titled-Tuesday-Blitz-May-28-2024"]
[Site "Chess.com"]
[Date "2024.05.28"]
[Round "11"]
[White "dianamirza"]
[Black "ailime26"]
[Result "1-0"]
[WhiteElo "2009"]
[BlackElo "2007"]
[TimeControl "180+1"]
[EndTime "10:10:05 PDT"]
[Termination "dianamirza won on time"]

1. e4 c5 2. Nf3 d6 3. d4 cxd4 4. Nxd4 Nf6 5. Nc3 a6 6. f3 e5 7. Nb3 Be7 8. Be3 Be6 9. Nd5 Bxd5 10. exd5 Nbd7 11. c4 O-O 12. Bd3 Rc8 13. Rc1 Nh5 14.
g4 Bh4+ 15. Bf2 Bxf2+ 16. Kxf2 Nf4 17. Bb1 Qh4+ 18. Kf1 Qh3+ 19. Kf2 Qg2+ 20. Ke3 Qxb2 21. Rc2 Qa3 22. h4 Nc5 23. Rch2 Nxb3 24. Qxb3 Qc5+ 25. Kd2 Qd4+ 26. Bd3 Nxd3 27. Qxd3 Rxc4 28. Qxd4 Rxd4+ 29. Ke3 Rxd5 30. Rc1 b5 31. Rc6 a5 32. Ra6 a4 33. Rc2 Rb8 34. Ra7 Rc5 35. Rd2 d5 36.
f4 Rc3+ 37. Kf2 exf4 38. Rxd5 Rc2+ 39. Kf3 Rxa2 40. Rdd7 Rf8 41. Kxf4 b4 42. Rdb7 b3 43. Rb4 b2 44. Rab7 a3 45. Ke3 Ra1 46. Kd3 Rc8 47.
Kd4 Rd1+ 48. Ke3 Re8+ 49. Kf2 g6 50. Kf3 Ree1 51. Rb8+ Kg7 52. h5 b1=Q 53. h6+ Kxh6 54.
Rxb1 Rxb1 55. g5+ 1-0

[Event "Early-Titled-Tuesday-Blitz-May-28-2024"]
[Site "Chess.com"]
[Date "2024.05.28"]
[Round "11"]
[White "ural58"]
[Black "PonyQueen07"]
[Result "0-1"]
[WhiteElo "2401"]
[BlackElo "2094"]
[TimeControl "180+1"]
[EndTime "10:10:06 PDT"]
[Termination "PonyQueen07 won by resignation"]

1. e4 c5 2. b3 Nc6 3. Bb2 d6 4. f4 Nf6 5. Qf3 e5 6. Bb5 exf4 7. Qxf4 Be7 8. Nf3 O-O 9. Bxc6 bxc6 10. d3 h6 11.
Nbd2 Nh5 12. Qe3 Bg5 13. Nxg5 Qxg5 14. Qxg5 hxg5 15. O-O Be6 16. Rf2 d5 17. Raf1 f6 18.
Bc1 Nf4 19. Ba3 Rfd8 20. Bxc5 a6 21. Be3 Ng6 22. exd5 cxd5 23. Bc5 Rdc8 24. d4 Nf4 25. b4 Bf5 26. c3 Bd3 27. Re1 Re8 28. Rxe8+ Rxe8 29. Nf3 g4 30. h3 gxf3 31. Rxf3 Ne2+ 32. Kh2 Bc4 33. a4 Nc1 34. h4 Re4 35. g3 Re2+ 36. Kh3 Bd3 37. h5 Be4 38. Rf4 Nd3 39. b5 Nxf4+ 40.
gxf4 axb5 41. axb5 Bf5+ 42. Kg3 Bd7 43. b6 Bc6 44. f5 Re3+ 45. Kg4 Rxc3 46. h6 gxh6 47. Kh5 Kh7 48. Be7 Rb3 49. Bd8 Bd7 50. Kg4 h5+ 51.
Kxh5 Bxf5 52. Bxf6 Rxb6 53. Kg5 Be4 54. Be5 Rb1 55. Kf4 Kg6 56. Ke3 Rf1 57. Ke2 Rf3 58. Bd6 Kf5 59. Be5 Ra3 60. Kd2 Kg4 61. Ke2 Kh3 62.
Kf2 Ra2+ 63. Ke3 Kg4 64. Bg7 Ra3+ 65. Ke2 Kf4 66. Bh6+ Kf5 67. Bg7 Ke6 68. Kd2 Kd7 69. Bf8 Rd3+ 70. Ke2 Rxd4 0-1

[Event "Early-Titled-Tuesday-Blitz-May-28-2024"]
[Site "Chess.com"]
[Date "2024.05.28"]
[Round "11"]
[White "jaskol95"]
[Black "viktorskliarov"]
[Result "0-1"]
[WhiteElo "2533"]
[BlackElo "2637"]
[TimeControl "180+1"]
[EndTime "10:10:07 PDT"]
[Termination "viktorskliarov won by checkmate"]

1. e4 c5 2. Nf3 Nc6 3. b4 b6 4. b5 Nd4 5. Bb2 Nxf3+ 6. Qxf3 Bb7 7. Nc3 Nf6 8. Bc4 e6 9. O-O Qc7 10. Rfe1 O-O-O 11. a4 d5 12. exd5 exd5 13. Bd3 Bd6 14. a5 Bxh2+ 15. Kh1 Bd6 16. axb6 axb6 17. Ra7 Kb8 18.
Rea1 Rhe8 19. Nxd5 Nxd5 20. Be4 Rxe4 21. Qxe4 Qe7 22.
Qa4 Nf4 23. Kg1 Ne2+ 24. Kf1 Nd4 25. Bxd4 cxd4 26. Ra8+ Kc7 27. Qc4+ Bc5 28. Rxd8 Kxd8 29. Re1 Qg5 30. Qxf7 Qxg2+ 31. Ke2 Qg4+ 32. Kd3 Qf3+ 33. Qxf3 Bxf3 34. Kc4 h5 35. c3 dxc3 36. Kxc3 h4 37.
d4 Bd6 38. Re3 Bg2 39. Re6 Kd7 40. Rg6 h3 41. Rxg7+ Ke6 42. Rg6+ Kd5 43. Rg5+ Ke4 44. Rg6 h2 45. f3+ Bxf3 46. Rxd6 h1=Q 47. Re6+ Kd5 48. Re5+ Kd6 49. Re3 Qc1+ 50. Kd3 Bd5 51. Re2 Qc4+ 52. Ke3 Qc3+ 53. Kf2 Qxd4+ 54. Kg3 Qd3+ 55. Kf2 Qf3+ 56. Kg1 Qg3+ 57. Kf1 Kc5 58. Rc2+ Bc4+ 59. Rxc4+ Kxc4 60. Ke2 Kxb5 61. Kd2 Kc4 62. Kc2 b5 63. Kb2 Qf2+ 64. Ka1 Kb3 65. Kb1 Qf1# 0-1

[Event "Early-Titled-Tuesday-Blitz-May-28-2024"]
[Site "Chess.com"]
[Date "2024.05.28"]
[Round "11"]
[White "Arteler"]
[Black "Fh2411"]
[Result "1/2-1/2"]
[WhiteElo "2265"]
[BlackElo "2546"]
[TimeControl "180+1"]
[EndTime "10:10:09 PDT"]
[Termination "Game drawn by repetition"]

1. e4 c6 2. Nf3 d5 3. Nc3 Bg4 4. h3 Bxf3 5. Qxf3 e6 6. g3 Nd7 7. Bg2 Ngf6 8. O-O Bb4 9. b3 Bxc3 10. Qxc3 dxe4 11. Bb2 Qb6 12. Rfe1 Qc5 13. Bxe4 Qxc3 14. Bxc3 Nxe4 15. Rxe4 O-O 16. d3 Rfe8 17. Rae1 Rad8 18. Rg4 f6 19. Rb4 b6 20. f4 Kf7 21. Rbe4 Nc5 22.
Rc4 Rc8 23. a4 Nb7 24. Rce4 c5 25. g4 Rcd8 26. Kf2 Nd6 27. R4e2 Rd7 28. Kf3 Rde7 29. a5 Nb5 30. Bb2 Rd7 31. axb6 axb6 32. Ra1 Ra7 33.
Ree1 Rea8 34. Rxa7+ Rxa7 35. Ra1 Rxa1 36. Bxa1 Na3 37.
c3 Ke7 38. c4 Kd6 39. Bc3 Nb1 40. Bb2 Nd2+ 41. Ke3 Nxb3 42. Bc3 e5 43. fxe5+ fxe5 44. Ke4 Nd4 45. h4 Ke6 46. g5 g6 47. Bb2 Nf5 48.
Bxe5 Nxh4 49. Bc7 Kd7 50. Bxb6 Kc6 51. Ba7 Nf5 52. Bb8 Nd4 53. Bf4 Ne6 54. Be3 Ng7 55. Ke5 Nf5 56. Bd2 Nd4 57. Be3 Nf5 58. Bd2 Nh4 59. Kf4 Nf5 60. Ke5 1/2-1/2

[Event "Early-Titled-Tuesday-Blitz-May-28-2024"]
[Site "Chess.com"]
[Date "2024.05.28"]
[Round "11"]
[White "amanjazu"]
[Black "BogdanDeac"]
[Result "1/2-1/2"]
[WhiteElo "2603"]
[BlackElo "3093"]
[TimeControl "180+1"]
[EndTime "10:10:10 PDT"]
[Termination "Game drawn by agreement"]

1. e4 c6 2. d4 d5 3. exd5 cxd5 4. c4 Nf6 5. Nc3 g6 6. cxd5 Nxd5 7. Bc4 Nb6 8. Bb3 Bg7 9. Nf3 O-O 10. O-O Bg4 11.
Be3 Nc6 12. h3 Bxf3 13. Qxf3 Nxd4 14. Bxd4 Qxd4 15. Rad1 Qc5 16. Qxb7 e6 17. Rd3 a5 18.
a3 Rab8 19. Qa6 Nc8 20. Na4 Qc7 21. Rfd1 Qe5 22. Re3 Qc7 23. Red3 Qe5 24. Re3 Qf5 25.
Rf3 Qb5 26. Qxb5 Rxb5 27. Bc4 Rb7 28. Ba6 Rc7 29. Rb3 Ne7 30. Rb7 Rxb7 31. Bxb7 Rb8 32.
Rd7 Kf8 33. b4 axb4 34. axb4 Ke8 35. Nc5 Bc3 36. Rc7 Bxb4 37. Na6 Bd6 38. Rxe7+ Kxe7 39. Nxb8 Bxb8 40. Kf1 f5 41. Ke2 Kf6 42. Bc8 h5 43.
Kf3 h4 44. Bd7 e5 45. Ke2 Ba7 46. f3 Kg5 47. Be8 e4 48. fxe4 fxe4 49. Bc6 Kf4 50. Be8 g5 51. Bc6 Bb6 52. Kf1 Ke5 53. Ke2 Ba7 54. Ba8 Kd4 55. Bb7 Bb8 56. Ba8 Bf4 57. Bb7 Bg3 58. Ba8 Bf4 59. Bb7 Be5 1/2-1/2

[Event "Early-Titled-Tuesday-Blitz-May-28-2024"]
[Site "Chess.com"]
[Date "2024.05.28"]
[Round "11"]
[White "Peng_Li-Min"]
[Black "TitarovVasiliYouTube"]
[Result "1-0"]
[WhiteElo "2757"]
[BlackElo "2575"]
[TimeControl "180+1"]
[EndTime "10:10:10 PDT"]
[Termination "Peng_Li-Min won on time"]

1. e4 d6 2. d4 Nf6 3. Nc3 e5 4. dxe5 dxe5 5. Qxd8+ Kxd8 6. Bc4 Be6 7. Bxe6 fxe6 8. f3 Nc6 9. Be3 Bb4 10. O-O-O+ Ke7 11. Nce2 a5 12. c3 Bd6 13. a4 Nb8 14. h4 Nbd7 15. Kc2 Nc5 16. b3 Rhb8 17. c4 Na6 18. Nh3 Bb4 19. Nf2 Nc5 20. Nd3 Nxd3 21.
Rxd3 Rd8 22. Rxd8 Rxd8 23. h5 h6 24. Nc1 Nd7 25. Nd3 b6 26. g4 Rf8 27. Rh3 Bd6 28.
Kd2 Rf7 29. Ke2 Nb8 30. g5 hxg5 31. Bxg5+ Kd7 32. Be3 Nc6 33. Rg3 Ke7 34. Rg6 Kd7 35.
Nf2 Nd4+ 36. Bxd4 exd4 37. Nd3 e5 38. Nf2 Ke7 39. Ng4 Kd7 40. Nf2 Ke7 41. Nh1 Kd7 42. Ng3 d3+ 43. Kxd3 Rxf3+ 44. Ke2 Rf7 45. Nf5 Bf8 46. Kd3 Kc8 47. Kc3 Rd7 48. Re6 Bb4+ 49. Kc2 Rd2+ 50. Kc1 Re2 51. Rxe5 Re1+ 52. Kc2 Rg1 53. Re6 Rg2+ 54. Kd1 Rg5 55. Rg6 Rxh5 56. Rxg7 1-0

[Event "Early-Titled-Tuesday-Blitz-May-28-2024"]
[Site "Chess.com"]
[Date "2024.05.28"]
[Round "11"]
[White "HansOnTwitch"]
[Black "vi_pranav"]
[Result "1-0"]
[WhiteElo "3131"]
[BlackElo "3051"]
[TimeControl "180+1"]
[EndTime "10:10:13 PDT"]
[Termination "HansOnTwitch won by resignation"]

1. e4 e5 2. Nf3 Nc6 3. Bc4 Nf6 4.
d3 h6 5. a4 d6 6. Nc3 g6 7. O-O Bg7 8. h3 O-O 9. a5 a6 10. Re1 Be6 11. Bxe6 fxe6 12. Ne2 Nh5 13. Ng3 Nxg3 14. fxg3 Kh7 15. c3 d5 16. Qb3 Qd7 17. Be3 Qd6 18. Rf1 Rab8 19. Qa4 d4 20. cxd4 exd4 21.
Bf4 e5 22. Bd2 Qe6 23. Rac1 Rf7 24. g4 Na7 25. Rc5 Rbf8 26. Bb4 Nb5 27. Qc2 Re8 28. Be1 Qd7 29. Bg3 Rfe7 30. Qc4 Nd6 31. Qb3 c6 32. Rc2 Qc7 33. Qb4 Qd7 34. Rcf2 Rf7 35. Qc5 Rfe7 36. Nd2 Qe6 37. Bh4 Rd7 38. Bf6 Rf7 39. g5 hxg5 40. Bxg5 Rxf2 41. Rxf2 Kg8 42.
Bh4 Bh6 43. Rf6 Bxd2 44. Rxe6 Rxe6 45. Qb6 Be3+ 46. Kh2 g5 47. Bg3 Bf4 48. Qd8+ Kf7 49. Qd7+ Kf6 50. Bxf4 gxf4 51. g3 fxg3+ 52. Kxg3 c5 53.
b3 Nf7 54. Qxb7 Rd6 55. h4 Nd8 56. Qc7 Nf7 57. h5 Rd8 58. Kh4 Rg8 59. Qb6+ Ke7 60. Qxa6 Rg1 61. Qa7+ Kf6 62. Qb6+ Ke7 63. Qxc5+ Ke6 64.
Qc6+ Ke7 65. a6 Rh1+ 66. Kg3 Rg1+ 67. Kf2 1-0

[Event "Early-Titled-Tuesday-Blitz-May-28-2024"]
[Site "Chess.com"]
[Date "2024.05.28"]
[Round "11"]
[White "dropstoneDP"]
[Black "Konavets"]
[Result "0-1"]
[WhiteElo "2972"]
[BlackElo "3082"]
[TimeControl "180+1"]
[EndTime "10:10:14 PDT"]
[Termination "Konavets won by checkmate"]

1. e4 e5 2. Nf3 Nc6 3. Bb5 a6 4. Bxc6 dxc6 5. O-O Qd6 6. c3 Bg4 7. h3 Bxf3 8. Qxf3 Be7 9. Rd1 Qg6 10. d4 Nf6 11. Re1 Nd7 12. Be3 O-O 13. Nd2 exd4 14. cxd4 f5 15. exf5 Qxf5 16. Qxf5 Rxf5 17. g4 Rf7 18.
Nc4 Bd6 19. Rad1 Nf6 20. Ne5 Rff8 21. f4 Nd5 22. f5 Rfe8 23. Bf2 Rad8 24. Bh4 Be7 25.
Bxe7 Rxe7 26. Kf2 Nb4 27. g5 Rf8 28. f6 gxf6 29. gxf6 Rxf6+ 30. Kg3 Rg7+ 31. Kh2 Rf2+ 32. Kh1 h5 33. a3 Nd5 34. b4 Nf4 35. Re3 Nd5 36. Rb3 Rf4 37. Kh2 Kh7 38. Rd2 Re4 39.
Rf3 Ne3 40. Rf8 Rh4 41. Rd3 Ng4+ 42. Nxg4 hxg4 43. Rb8 b6 44. Ra8 Kg6 45. Kg2 Kf5 46. hxg4+ Rgxg4+ 47. Rg3 Rxg3+ 48. Kxg3 Rxd4 49. Rxa6 Ke4 50. Ra7 Rd7 51. a4 c5 52. bxc5 bxc5 53. Kf2 Kd3 54.
a5 c4 55. Rb7 c3 56. a6 c2 57. Rb3+ Kc4 58. a7 c1=Q 59. a8=Q Qc2+ 60. Ke1 Rd1# 0-1

[Event "Early-Titled-Tuesday-Blitz-May-28-2024"]
[Site "Chess.com"]
[Date "2024.05.28"]
[Round "11"]
[White "mbojan"]
[Black "KnightDuta"]
[Result "1-0"]
[WhiteElo "2905"]
[BlackElo "2722"]
[TimeControl "180+1"]
[EndTime "10:10:14 PDT"]
[Termination "mbojan won by checkmate"]

1. e4 c5 2. Nf3 Nc6 3. d4 cxd4 4. Nxd4 Nf6 5. Nc3 e5 6. Ndb5 d6 7.
Bg5 a6 8. Na3 b5 9. Bxf6 gxf6 10. Nd5 f5 11. Bd3 Be6 12. O-O Bg7 13. Qh5 Rc8 14.
c3 fxe4 15. Bxe4 Ne7 16. Ne3 d5 17. Rad1 Qd7 18. Nac2 Qb7 19. Nxd5 Nxd5 20. Qf3 O-O 21. Bxd5 Qe7 22. Ne3 Rfd8 23. a3 Kh8 24. Bxe6 Qxe6 25.
Rxd8+ Rxd8 26. Rd1 Rxd1+ 27. Qxd1 h6 28. Qd5 Qe8 29. g3 Kh7 30. Nf5 Kg6 31. Qe4 Kf6 32. Qf3 Kg6 33. Qg4+ Kf6 34. Nxg7 Qd8 35. Qh4+ Kxg7 36. Qxd8 e4 37. Qd4+ f6 38. Qxe4 b4 39.
Qxb4 h5 40. h4 a5 41. Qxa5 Kf7 42. Qxh5+ Kg7 43. Qf5 Kg8 44. Qxf6 Kh7 45. Qg5 Kh8 46. c4 Kh7 47. b3 Kh8 48. b4 Kh7 49. a4 Kh8 50. a5 Kh7 51. b5 Kh8 52. c5 Kh7 53. b6 Kh8 54. a6 Kh7 55. c6 Kh8 56. b7 Kh7 57. c7 Kh8 58. a7 Kh7 59. f4 Kh8 60. g4 Kh7 61. Kg2 Kh8 62. c8=N Kh7 63. b8=N Kh8 64. a8=N Kh7 65. Qh5+ Kg7 66. Qf5 Kh8 67. Ncb6 Kg7 68. Nc6 Kh8 69. Nc7 Kg7 70.
Nb5 Kh6 71. Nc4 Kg7 72. Ncd4 Kh6 73. Nc3 Kg7 74. Nde2 Kh6 75. Nd1 Kg7 76. Nce3 Kh6 77. Nf1 Kg7 78. Nf2 Kh6 79. Ng1 Kg7 80. Qh5 Kg8 81.
Qh6 Kf7 82. h5 Kg8 83. g5 Kf7 84. Qh7+ Ke6 85. Qg6+ Kd5 86. Qe4+ Kd6 87. Qe5+ Kd7 88. Qf6 Kc7 89. Qe6 Kd8 90. Qf7 Kc8 91. Qe7 Kb8 92. Qd7 Ka8 93. g6 Kb8 94. f5 Ka8 95. f6 Kb8 96. h6 Ka8 97. g7 Kb8 98. f7 Ka8 99.
h7 Kb8 100. f8=N Ka8 101. g8=N Kb8 102. h8=N Ka8 103. Nhg6 Kb8 104. Nh6 Ka8 105. Ne6 Kb8 106. Ng5 Ka8 107. Nf5 Kb8 108. Ngh4 Ka8 109. N5g3 Kb8 110. N5f3 Ka8 111. Kh2 Kb8 112. Nhf5 Ka8 113. N1e3 Kb8 114. Ng2 Ka8 115. Nfh3 Kb8 116. Nd2 Ka8 117. Nde4 Kb8 118. Nef2 Ka8 119. Nfh1 Kb8 120. Nfh4 Ka8 121. Qa4+ Kb8 122. Qa6 Kc7 123. Qa8 Kb6 124. Qd5 Kc7 125. Qe6 Kb7 126. Qd6 Kc8 127. Qe7 Kb8 128. Qd7 Ka8 129. Nhf5 Kb8 130. Nd6 Ka8 131. Qb7# 1-0

[Event "Early-Titled-Tuesday-Blitz-May-28-2024"]
[Site "Chess.com"]
[Date "2024.05.28"]
[Round "11"]
[White "GMAneta"]
[Black "Tol_Tol"]
[Result "0-1"]
[WhiteElo "2495"]
[BlackElo "2384"]
[TimeControl "180+1"]
[EndTime "10:10:14 PDT"]
[Termination "Tol_Tol won by checkmate"]

1. d4 Nf6 2. Nc3 c5 3. d5 e5 4. e4 d6 5. Bb5+ Nbd7 6. a4 Be7 7. Nf3 O-O 8. Nd2 g6 9. O-O Ne8 10. Nc4 a6 11. Bxd7 Bxd7 12. a5 Bb5 13. Nxb5 axb5 14.
Nb6 Ra6 15. Qe2 b4 16. c3 bxc3 17. bxc3 Ng7 18. Qb5 Qc7 19. Bd2 Bd8 20. f3 Qe7 21. Nd7 Re8 22. c4 Ra7 23. Rfb1 Nh5 24. Ra2 b6 25. Nxb6 Bxb6 26. Qxb6 Rea8 27. a6 f5 28. Qc6 fxe4 29. fxe4 Qh4 30. Rb7 Qxe4 31. Qd7 Qb1+ 32.
Kf2 Rf8+ 33. Ke3 Qg1+ 34. Kd3 Qd4+ 35. Kc2 Qxc4+ 36. Kb2 Rxb7+ 37. axb7 Qd4+ 38. Kb3 Qd3+ 39. Ka4 Qa6+ 40. Kb3 Qd3+ 41. Bc3 Qd1+ 42. Ka3 Qc1+ 43. Bb2 Qe3+ 44. Ka4 Qe4+ 45. Kb5 Qb4+ 46. Kc6 Nf6 47. Qe6+ Kg7 48. Qe7+ Rf7 49. b8=Q Qxb8 50. Qxd6 Qc8+ 51. Kb5 Rb7+ 52. Kc4 Rb4+ 53. Kc3 Qb7 54. Qxf6+ Kxf6 55. Ra6+ Qxa6 56. d6 Qc4+ 57. Kd2 Rxb2+ 58. Ke3 Qd4+ 59.
Kf3 Rb3+ 60. Ke2 Qd3+ 61. Kf2 Rb2+ 62. Kg1 Qb1# 0-1

[Event "Early-Titled-Tuesday-Blitz-May-28-2024"]
[Site "Chess.com"]
[Date "2024.05.28"]
[Round "11"]
[White "GothamChess"]
[Black "OparinGrigoriy"]
[Result "1-0"]
[WhiteElo "2802"]
[BlackElo "3023"]
[TimeControl "180+1"]
[EndTime "10:10:16 PDT"]
[Termination "GothamChess won by resignation"]

1. e4 c5 2. a3 Nc6 3. b4 cxb4 4.
axb4 Nxb4 5. c3 Nc6 6. d4 e6 7. d5 Ne5 8. f4 Ng6 9. d6 e5 10. f5 Qh4+ 11. Kd2 Qxe4 12. fxg6 hxg6 13. Qf3 Qxf3 14. Nxf3 Bxd6 15. Ba3 Bc7 16. h3 Nf6 17. Kc2 d6 18. Bb5+ Bd7 19. Bxd7+ Kxd7 20. Rd1 Kc6 21. Ng5 Raf8 22. Nd2 Nd5 23. Nf1 Rh4 24. Kb3 a5 25.
Ra2 a4+ 26. Kb2 Ba5 27. Nf3 Re4 28. Rd3 Re2+ 29. Kb1 Rxa2 30. Kxa2 Nxc3+ 31. Kb2 Nb5 32. Nxe5+ Kc7 33. Nc4 Ra8 34. Bxd6+ Nxd6 35. Nxd6 Kc6 36. Nxf7 b5 37. Ne5+ Kc5 38. Ne3 Bc7 39. Rd5+ Kb6 40. Nd3 Re8 41. Nc2 Re4 42. Rg5 Re6 43. Rxb5+ Kxb5 44. Nd4+ Kc4 45. Nxe6 Bd6 46. Ndf4 g5 47. Nxg5 Bxf4 48.
Ne6 Be5+ 49. Ka2 g6 50. Nf8 g5 51. Ne6 Bf6 52. g3 Kd5 53. Nc7+ Ke4 54. Ka3 Ke5 55. Ne8 Bd8 56. Ng7 Be7+ 57. Kxa4 Kf6 58. Nh5+ Kf5 59.
Kb5 Ke4 60. Kc6 Kf3 61. Kd7 Bb4 62. Ke6 Kg2 63. Kf5 Bd2 64. g4 Kxh3 65. Ng7 Kh4 66. Ne6 Bc1 67. Nd4 Kg3 68. Ne2+ Kf3 69. Nxc1 Ke3 70. Kxg5 Kd4 71. Kf6 Kd5 72. g5 Kd6 73. g6 Kd7 74. Kf7 Kd6 75. g7 Ke5 76. g8=Q Kd4 77. Qg3 1-0

[Event "Early-Titled-Tuesday-Blitz-May-28-2024"]
[Site "Chess.com"]
[Date "2024.05.28"]
[Round "11"]
[White "Glidzhian_Gor"]
[Black "Matols"]
[Result "1-0"]
[WhiteElo "2537"]
[BlackElo "2376"]
[TimeControl "180+1"]
[EndTime "10:10:16 PDT"]
[Termination "Glidzhian_Gor won on time"]

1. d4 d5 2. Nc3 Nf6 3. Bg5 Nbd7 4.
e4 Nxe4 5. Nxe4 dxe4 6. Bc4 Nf6 7. Ne2 Bg4 8. h3 Bxe2 9. Qxe2 Qxd4 10. c3 Qe5 11.
Bh4 O-O-O 12. Bg3 Qc5 13. Bxf7 e3 14. Qxe3 Qxe3+ 15. fxe3 Ne4 16. Be6+ Kb8 17. Be5 Nc5 18. Bc4 Nd3+ 19. Bxd3 Rxd3 20. Ke2 Rd5 21. Rad1 e6 22. Rxd5 exd5 23. Rf1 Bd6 24. Bxd6 cxd6 25. Rf7 g6 26.
Kd3 h5 27. h4 Re8 28. Rf6 Re4 29. Rxd6 Rxh4 30. Rxg6 Kc7 31. b4 a6 32. a4 a5 33. bxa5 Rxa4 34. Rg5 Rxa5 35. Rxh5 Ra2 36. Rg5 Kc6 37. Rg8 b5 38. g4 Rg2 39. g5 Kd6 40. g6 Ke7 41. Kd4 Rg5 42. g7 Kf7 43. Rb8 Kxg7 44. Rxb5 Kf6 45. Rxd5 Rg4+ 46. e4 Ke6 47.
Ra5 Rg1 48. Ra6+ Kd7 49. Kd5 Rd1+ 50. Ke5 Rc1 51. Ra7+ Kd8 52. Ra3 Rd1 53. Ke6 Re1 54. e5 Re2 55. Ra8+ Kc7 56. Kf6 Rf2+ 57. Ke7 Rc2 58.
Ra3 Re2 59. e6 Re1 60. Ra4 Re3 61. Rc4+ Kb8 62. Kd7 Rd3+ 63. Rd4 Rxc3 64. e7 Rc7+ 65. Ke6 Rc6+ 66. Rd6 1-0

[Event "Early-Titled-Tuesday-Blitz-May-28-2024"]
[Site "Chess.com"]
[Date "2024.05.28"]
[Round "11"]
[White "lluiss"]
[Black "pfalcon1949"]
[Result "1-0"]
[WhiteElo "2170"]
[BlackElo "1925"]
[TimeControl "180+1"]
[EndTime "10:10:16 PDT"]
[Termination "lluiss won by checkmate"]

1. Nf3 Nf6 2. d4 d5 3. c4 e6 4.
cxd5 exd5 5. Nc3 Be7 6. Bg5 c6 7. Qc2 h6 8. Bh4 O-O 9. e3 Ne4 10. Nxe4 Bxh4 11. Nxh4 Qxh4 12. Nc3 g6 13. Bd3 Qf6 14. O-O Kg7 15. Ne2 Na6 16. a3 Nc7 17. b4 a6 18. Rfc1 Re8 19. Rab1 Qg5 20. Qd2 h5 21.
Nf4 h4 22. Bf1 Bf5 23. Rb2 Ne6 24. Nxe6+ Rxe6 25. a4 Rae8 26. b5 axb5 27. axb5 h3 28. g3 Qg4 29. Be2 Qe4 30. Bf1 Bg4 31. bxc6 bxc6 32.
Qd3 Qf3 33. Qe2 Qe4 34. Qc2 Qf3 35. Qe2 Qf5 36. Qc2 Qf6 37. Rb6 Bf3 38. Rxc6 Be4 39.
Bxh3 Qf3 40. Kf1 Bxc2 41. R1xc2 Rxc6 42. Rxc6 Qd1+ 43. Kg2 Qa4 44. Rc5 Rd8 45. Bg4 Qc2 46. Bf3 f5 47. Rxc2 Re8 48. Rc7+ Kf6 49. Be2 Kg5 50.
Bd3 Re6 51. Bf1 Rb6 52. Be2 Rb2 53. Bd1 Ra2 54. Bb3 Ra1 55. Bxd5 Rb1 56. Bf7 Rb2 57. Rc6 f4 58. gxf4+ Kf5 59. Bxg6+ Kg4 60. Bd3 Kh4 61. Rh6+ Kg4 62. Rg6+ Kh5 63. Rg5+ Kh6 64. Rg8 Rd2 65.
Rh8+ Kg7 66. Rh7+ Kf6 67. Bb1 Ke6 68. Rb7 Kd5 69. Rb5+ Ke6 70. Rb8 Kd6 71. h4 Ke6 72. h5 Kf6 73. h6 Rb2 74. Rxb2 Kf7 75. Rb6 Kg8 76. Rb7 Kh8 77. Rb6 Kg8 78. Rd6 Kh8 79. Kg3 Kg8 80. Kg4 Kf7 81. Kg5 Kg8 82. Rd7 Kf8 83. Ra7 Kg8 84. Kf6 Kf8 85. Ra8# 1-0